 Dungeon Crawl Stone Soup version 0.28-a0-1444-g6c55d0bc0c (webtiles) character file.

Game seed: 13926387961395965052

11 Essalna the Sneak (level 2, -1/25 HPs)
             Began as a Djinni Delver on Jan 10, 2022.
             Slain by a hobgoblin (2 damage)
             ... on level 4 of the Dungeon.
             The game lasted 00:01:04 (274 turns).

Essalna the Sneak (Djinni Delver)                    Turns: 274, Time: 00:01:04

Health: -1/25      AC:  3    Str: 11    XL:     2   Next: 40%
Gold:   0          EV: 12    Int: 11    God:
                   SH:  0    Dex: 14

rFire   + + .      SeeInvis .   a - +0 falchion
rCold   x . .      Faith    .   (no shield)
rNeg    . . .      Spirit   .   b - +0 leather armour
rPois   ∞          Reflect  .   (no helmet)
rElec   .          Harm     .   (no cloak)
rCorr   .          Rampage  .   (no gloves)
Will    .....                   (boots unavailable)
Stlth   ++........              (no amulet)
HPRegen 0.08/turn               (no ring)
MPRegen 0.00/turn               (no ring)

@: flying, hasted and slowed
A: sickness immunity, fire resistance 2, cold vulnerability 1, float, innate
caster, hp casting, extra vitality 1
a: no special abilities


You were on level 4 of the Dungeon.
You visited 1 branch of the dungeon, and saw 3 of its levels.

Inventory:

Hand Weapons
 a - a +0 falchion (weapon)
 i - a +2 shortbow of freezing
Armour
 b - a +0 leather armour (worn)
Wands
 g - a wand of digging (3)
Scrolls
 c - a scroll of fog
 d - a scroll of magic mapping
 e - a scroll of fear
 h - a scroll of summoning {unknown}
 j - 2 scrolls of identify {unknown}


   Skills:
 - Level 3.0 Fighting
 - Level 1.7 Long Blades
 - Level 2.1 Dodging
 - Level 4.1 Stealth
 + Level 1.3 Spellcasting


You had 3 spell levels left.
You didn't know any spells.
Your spell library was empty.

Dungeon Overview and Level Annotations

Branches:
Dungeon (5/15)
 Temple: D:4-7

Altars:

Annotations:
D:3 Natasha


Innate Abilities, Weirdness & Mutations

You are immune to sickness and miasma.
You are immune to poison.
Your flesh is very heat resistant. (rF++)
You are vulnerable to cold. (rC-)
You float through the air rather than walking.
You learn spells naturally, not from books.
Your magical power is your life essence.
You have superior vitality. (+4 MHP)


Message History

The adder barely misses you.
You hit the adder.
The adder is moderately wounded.
The adder misses you. The hobgoblin closely misses you.
Natasha casts a spell.
A ball python comes into view.
You closely miss the adder.
The adder is moderately wounded.
The adder barely misses you.
The hobgoblin hits you but does no damage.
Natasha zaps a wand.
You resist with significant effort. The adder barely misses you.
You closely miss the adder.
The adder is moderately wounded.
A kobold comes into view. It is wielding a +0 whip of venom.
The hobgoblin hits you. The adder bites you.
The adder bites you but does no damage. The hobgoblin hits you.
Natasha mumbles some strange words.
The adder bites you.
* * * LOW HITPOINT WARNING * * *
The hobgoblin barely misses you.
The iron imp grins evilly.
Natasha stares at you and mumbles some strange words.
You feel yourself slow down.
The crimson imp blinks!
The adder closely misses you. The hobgoblin hits you.
* * * LOW HITPOINT WARNING * * *
Natasha mumbles some strange words.
The adder bites you but does no damage.
The crimson imp laughs crazily.
The hobgoblin hits you but does no damage.
There is a stone staircase leading down here.
The adder bites you.
* * * LOW HITPOINT WARNING * * *
The hobgoblin closely misses you. The adder misses you.
You fly downwards.
There is a stone staircase leading up here.
Okay, then.
You feel yourself speed up. The adder bites you but does no damage.
The hobgoblin hits you.
You die...

.........≈≈≈≈≈≈..
##.##....♣≈≈P≈≈≈.
# #.#..♣≈≈≈≈≈♣.
#....♣P≈≈≈≈P. #
###..♣≈≈≈≈≈≈. #.
#.#.♣≈≈≈≈≈.
#.####.#.#P≈≈≈≈.
#..g......≈≈≈≈≈≈
#...#@##.##.♣P≈P≈≈
#.. #.S.....♣ K≈≈♣
... ..##.##.#


P≈P ... ........#.# ≈≈ #. ....##..#.# # # ...#.#...... ....#.......# ####.#.#
You could see an adder and a hobgoblin.

Vanquished Creatures
  An adder (D:4)
  2 hobgoblins
3 creatures vanquished.

Vanquished Creatures (others)
  3 plants (D:4)
3 creatures vanquished.

Grand Total: 6 creatures vanquished

Notes
Turn   | Place    | Note
-------+----------+-------------------------------------------
     0 | D:5      | Essalna the Djinni Delver began the quest for the Orb.
     0 | D:5      | Reached XP level 1. HP: 20/20 MP: 0/0
    52 | D:4      | Reached skill level 1 in Spellcasting
    52 | D:4      | Reached XP level 2. HP: 16/25 MP: 0/0
   179 | D:4      | Noticed a howler monkey
   263 | D:3      | Noticed Natasha
   269 | D:3      | Noticed a crimson imp
   272 | D:3      | HP: 1/25 [adder (3)]
   274 | D:4      | Slain by a hobgoblin

Illustrated notes

Levels and vault maps discovered:
D:3:      layout_rooms, lightli_sewer_entry_pipes, minmay_bisected, uniq_natasha
D:4:      layout_loops_corners, minmay_temple_entry_nine_rooms, serial_bayou,
          serial_bayou_pond_d, serial_bayou_lagoon_a, serial_bayou_ford_a,
          serial_bayou_pond_d, skrybe_limestone_x, uniq_duvessa
D:5:      layout_gridville, ebering_ghost_sewer_d, nicolae_stop_n_shop_1,
          hangedman_abyss_or_decor_stagger

Skill      XL: |  1 |
---------------+----+-----
Spellcasting   | 1 |  1.3
Fighting       | |  3.0
Long Blades    | |  1.7
Dodging        | |  2.1
Stealth        | |  4.1

Action                   || total
-------------------------++-------
Melee: Falchion          ||    20
  Use: Potion            ||     1
Armor: Leather armour    ||     7
Dodge: Dodged            ||    24

Table legend: (Time is in decaauts)
 A = Elapsed time spent in this place.
 B = Non-inter-level travel time spent in this place.
 C = Inter-level travel time spent in this place.
 D = Time resting spent in this place.
 E = Time spent auto-exploring this place.
 F = Levels seen in this place.
 G = Mean time per level.
                   A        B        C        D        E       F      G
               +--------+--------+--------+--------+--------+-----+--------+
         Total |    281 |    268 |     13 |      0 |    164 |   3 |   93.7 |
       Dungeon |    281 |    268 |     13 |      0 |    164 |   3 |   93.7 |
               +--------+--------+--------+--------+--------+-----+--------+

Top non-repeatable levels by time:
     D:4: 197 daAuts
     D:5: 52 daAuts
     D:3: 31 daAuts
